 Dungeon Sprint DCSS version 0.29-a0-757-g358383bc75 (webtiles) character file.

Game seed: 4157634252172166439

183006 wilfster70 the End of an Era (level 18, 0/145 HPs)
             Began as a Gargoyle Fighter on June 30, 2022.
             Was the Champion of Qazlal.
             Slain by Ereshkigal (6 damage)
             ... in the Dungeon (Sprint V: "Ziggurat Sprint").
             The game lasted 00:16:23 (2616 turns).

wilfster70 the End of an Era (Gargoyle Fighter)     Turns: 2616, Time: 00:16:24

Health: 0/145      AC: 60    Str: 29    XL:     18   Next: 36%
Magic:  21/35      EV:  7    Int: 13    God:    Qazlal [******]
Gold:   0          SH: 46    Dex:  9    Spells: 17/17 levels left

rFire   + + .      SeeInvis +   a - +9 lance "Wyrmbane" {slay drac, rPois rF+ rC+ AC+3}
rCold   + + .      Faith    .   c - +18 shield of the Gong {rElec rN+ Will+ EV-5}
rNeg    + + .      Spirit   .   b - +12 gold dragon scales
rPois   ∞          Reflect  +   n - +1 helmet {SInv}
rElec   +          Harm     .   k - +0 cloak
rCorr   +          Rampage  .   E - +0 pair of gloves {Stlth+}
Will    ++...      NoTele   +   x - +2 pair of boots {Stlth+}
Stlth   ..........              D - amulet of the Death Scarab {Reflect rElec rPois Regen+ Str-5 Slay+5 SH+5}
HPRegen 1.14/turn               q - ring "Jyte" {rF+ Str+5 Stlth+}
MPRegen 0.24/turn               G - ring "Cihiutwia" {rF+ rCorr Str+5}

@: fire vulnerable, protected from physical damage, flying, studying 2 skills,
repel missiles
A: sickness immunity, AC +13, big wings, negative energy resistance 1,
electricity resistance, torment resistance 1, petrification resistance
a: Renounce Religion, Upheaval, Elemental Force, Disaster Area


You were in the Dungeon.
You worshipped Qazlal.
Qazlal was exalted by your worship.
You visited 1 branch

Inventory:

Hand Weapons
 a - the +9 lance "Wyrmbane" (weapon) {slay drac, rPois rF+ rC+ AC+3}
   (You found it in the Dungeon)

   It inflicts extra damage against dragons and draconians.
   AC:        It affects your AC (+3).
   rF:        It protects you from fire.
   rC:        It protects you from cold.
   rPois:     It protects you from poison.
Armour
 b - +12 gold dragon scales (worn)
 c - the +18 shield of the Gong (worn) {rElec rN+ Will+ EV-5}
   (You found it in the Dungeon)

   It is deafeningly noisy when blocking attacks.
   EV:        It affects your evasion (-5).
   rElec:     It insulates you from electricity.
   rN:        It protects you from negative energy.
   Will:      It increases your willpower.
 k - a +0 cloak (worn)
 n - a +1 helmet of see invisible (worn)
 x - a +2 pair of boots of stealth (worn)
 E - a +0 pair of gloves of stealth (worn)
Jewellery
 l - a +4 ring of protection
 q - the ring "Jyte" (left hand) {rF+ Str+5 Stlth+}
   (You found it in the Dungeon)

   [ring of protection from fire]

   Str:       It affects your strength (+5).
   rF:        It protects you from fire.
   Stlth:     It makes you more stealthy.
 D - the amulet of the Death Scarab (around neck) {Reflect rElec rPois Regen+ Str-5 Slay+5 SH+5}
   (You found it in the Dungeon)

   [amulet of reflection]

   It reflects blocked missile attacks.
   Str:       It affects your strength (-5).
   Slay:      It affects your accuracy & damage with ranged weapons and melee
   (+5).
   rElec:     It insulates you from electricity.
   rPois:     It protects you from poison.
   Regen:     It increases your rate of health regeneration.
   SH:        It affects your SH (+5).
 G - the ring "Cihiutwia" (right hand) {rF+ rCorr Str+5}
   (You found it in the Dungeon)

   [ring of protection from fire]

   Str:       It affects your strength (+5).
   rF:        It protects you from fire.
   rCorr:     It protects you from acid and corrosion.
Wands
 s - a wand of iceblast (7)
 t - a wand of light (7)
 A - a wand of mindburst (7)
Scrolls
 j - 4 scrolls of blinking
 y - 4 scrolls of amnesia
 z - 8 scrolls of fog
 B - 2 scrolls of fear
 C - 5 scrolls of identify
Potions
 d - 7 potions of might
 e - 10 potions of curing
 f - 5 potions of heal wounds
 g - 9 potions of haste
 h - 5 potions of magic
 i - a potion of berserk rage
 u - 2 potions of brilliance
 v - 2 potions of invisibility
 w - 4 potions of resistance
Miscellaneous
 m - a tin of tremorstones (1/2)
 o - a condenser vane


   Skills:
 O Level 27 Fighting
 - Level 12.0 Polearms
 - Level 14.1 Armour
 + Level 24.9 Dodging
 - Level 23.6 Shields
 O Level 27 Invocations
 O Level 27 Evocations


You had 17 spell levels left.
You didn't know any spells.
Your spell library contained the following spells:

 Spells                   Type           Power      Damage    Failure   Level
 Apportation              Tloc           0%         N/A       100%        1
 Foxfire                  Conj/Fire      0%         2x1d4     100%        1
 Freeze                   Ice            0%         1d3       100%        1
 Magic Dart               Conj           0%         1d3       100%        1
 Necrotize                Necr           0%         1d4       100%        1
 Sting                    Tmut/Pois      0%         1d3       100%        1
 Summon Small Mammal      Summ           0%         N/A       100%        1
 Blink                    Tloc           0%         N/A       100%        2
 Call Imp                 Summ           0%         N/A       100%        2
 Ensorcelled Hibernation  Hex/Ice        0%         N/A       100%        2
 Passwall                 Tmut/Erth      0%         N/A       100%        2
 Poisonous Vapours        Pois/Air       0%         N/A       100%        2
 Call Canine Familiar     Summ           0%         N/A       100%        3
 Confusing Touch          Hex            0%         N/A       100%        3
 Conjure Flame            Conj/Fire      0%         6-21      100%        3
 Dazzling Flash           Conj/Hex       0%         N/A       100%        3
 Frozen Ramparts          Ice            0%         1d2       100%        3
 Inner Flame              Hex/Fire       0%         N/A       100%        3
 Mephitic Cloud           Conj/Pois/Air  0%         N/A       100%        3
 Portal Projectile        Hex/Tloc       0%         N/A       100%        3
 Summon Guardian Golem    Hex/Summ       0%         N/A       100%        3
 Swiftness                Air            0%         N/A       100%        3
 Tukima's Dance           Hex            0%         N/A       100%        3
 Animate Armour           Summ/Erth      0%         N/A       100%        4
 Cause Fear               Hex            0%         N/A       100%        4
 Corpse Rot               Necr/Pois/Air  0%         N/A       100%        4
 Dispel Undead            Necr           0%         3d6       100%        4
 Flame Wave               Conj/Fire      0%         2d4       100%        4
 Fulminant Prism          Conj/Hex       0%         3d6       100%        4
 Hailstorm                Conj/Ice       0%         3d3       100%        4
 Ice Form                 Ice/Tmut       0%         N/A       100%        4
 Iskenderun's Mystic Bla  Conj/Tloc      0%         2d3       100%        4
 Leda's Liquefaction      Hex/Erth       0%         N/A       100%        4
 Olgreb's Toxic Radiance  Pois           0%         N/A       100%        4
 Passage of Golubria      Tloc           0%         N/A       100%        4
 Summon Ice Beast         Ice/Summ       0%         N/A       100%        4
 Alistair's Intoxication  Tmut/Pois      0%         N/A       100%        5
 Blade Hands              Tmut           0%         N/A       100%        5
 Fireball                 Conj/Fire      0%         3d3       100%        5
 Irradiate                Conj/Tmut      0%         3d13      100%        5
 Manifold Assault         Tloc           0%         N/A       100%        5
 Metabolic Englaciation   Hex/Ice        0%         N/A       100%        5
 Summon Forest            Summ/Tloc      0%         N/A       100%        5
 Yara's Violent Unravell  Hex/Tmut       0%         3d3       100%        5
 Death Channel            Necr           0%         N/A       100%        6
 Iron Shot                Conj/Erth      0%         9d1       100%        6
 Simulacrum               Ice/Necr       0%         N/A       100%        6
 Starburst                Conj/Fire      0%         6d3       100%        6
 Summon Cactus Giant      Summ           0%         N/A       100%        6
 Dragon Form              Tmut           0%         N/A       100%        7
 Enfeeble                 Hex            0%         N/A       100%        7
 Haunt                    Necr/Summ      0%         N/A       100%        7
 Malign Gateway           Summ/Tloc      0%         N/A       100%        7
 Storm Form               Tmut/Air       0%         N/A       100%        7
 Discord                  Hex            0%         N/A       100%        8
 Ignition                 Fire           0%         3d3       100%        8
 Summon Horrible Things   Summ           0%         N/A       100%        8
 Chain Lightning          Conj/Air       0%         N/A       100%        9
 Dragon's Call            Summ           0%         N/A       100%        9
 Polar Vortex             Ice            0%         N/A       100%        9


Dungeon Overview and Level Annotations

Branches:
Dungeon (1/1)

Altars:
Ashenzari
Cheibriados
Dithmenos
Elyvilon
Fedhas
Gozag
Hepliaklqana
Kikubaaqudgha
Makhleb
Nemelex Xobeh
Okawaru
Qazlal
Ru
Sif Muna
Trog
Uskayaw
Vehumet
Wu Jian
Xom
Yredelemnul
Zin
The Shining One
Beogh
Jiyva
Lugonu

Annotations:
D Cerebov, Ereshkigal, Ignacio, Jory, Nellie


Innate Abilities, Weirdness & Mutations

You are immune to sickness and miasma.
Your stone body is resilient. (AC +13)
You are immune to poison.
Your large and strong wings let you fly.
You resist negative energy. (rN+)
You are resistant to electric shocks. (rElec)
You are resistant to unholy torment.
You are immune to petrification.


Message History

Jory is severely damaged.
The blast of rubble hits Tiamat!
Tiamat is almost dead.
The blast of rubble hits Ignacio!!!
Ignacio is heavily wounded.
The blast of rubble hits Cerebov but does no damage.
Cerebov is lightly wounded.
The blast of rubble hits Gloorx Vloq!!!
Gloorx Vloq is almost dead.
The cutting wind hits Dissolution!!!
You kill Dissolution!
Qazlal accepts your kill.
The blast of magma engulfs Tiamat!!
You kill Tiamat!
Qazlal accepts your kill. x2
You feel a bit more experienced. Qazlal accepts your kill.
You feel a bit more experienced.
The cutting wind hits Jory!!
Jory is almost destroyed.
The cutting wind hits Gloorx Vloq!!
You kill Gloorx Vloq!
Qazlal accepts your kill.
The blast of ice hits the Tzitzimitl but does no damage.
The Tzitzimitl is heavily wounded.
The Tzitzimitl is flash-frozen.
You block Ignacio's attack.
PTOANNNG!
You block Ignacio's attack.
SHROANNG!
You block Ignacio's attack.
PTOANNNG!
You block Ignacio's attack.
BOUMMMMG!
Ignacio completely misses you. Ignacio hits you but does no damage.
You writhe in agony.
* * * LOW HITPOINT WARNING * * *
Ignacio hits you with a +3 executioner's axe of pain!
* * * LOW HITPOINT WARNING * * *
Ignacio completely misses you. Cerebov hits you but does no damage.
Ereshkigal hits you.
You die...

▓≈≈§.......@.....
▓..[§§§§§§.§[§§..
▓..≈§§§§§§§§§§§..
▓.§§§§§§§§§§§§§..
▓.§§.≈§.≈§§§§§§..
▓.§§...§§§§§≈§§..
▓≈...°§V§§§§§§§..
▓≈.≈≈§1&§§§.§§§..
▓§.≈≈§&@≈○§§§§§..
▓§§≈.▓≈°.§§≈≈▓§..
▓.§.§.[1.°≈§§§...
▓.§.≈..≈≈§§≈§§...
▓..§.≈≈≈≈≈≈.§§...
▓...≈.≈.≈©≈≈§§...
▓▓▓▓▓▓▓▓▓▓▓▓▓▓▓▓▓


You could see Cerebov (fast, frozen), Ereshkigal, Ignacio (fast, frozen), Jory
(frozen) and a Tzitzimitl (summoned, frozen).

Vanquished Creatures
  the Royal Jelly (D)
  Dissolution (D)
  Gloorx Vloq (D)
  Tiamat (D)
  An ancient lich (D)
  2 dread liches (D)
  Mennas (D)
  A royal mummy (D)
  Margery (D)
  Xtahua (D)
  7 Brimstone Fiends (D)
  9 hellephants (D)
  24 searing wretches (D)
  4 deep elf blademasters (D)
  6 acid blobs (D)
  2 deep elf master archers (D)
  5 ancient champions (D)
  Gastronok (D)
  5 rockslimes (D)
  A daeva (D)
  A draconian monk (D)
  An azure jelly (D)
  8 deep elf sorcerers (D)
  A fire giant (D)
  A draconian scorcher (D)
  4 quicksilver elementals (D)
  3 iron dragons (D)
  A ghoul (D)
  11 balrugs (D)
  A stone giant (D)
  A draconian stormcaller (D)
  3 draconian shifters (D)
  2 draconian annihilators (D)
  7 quicksilver oozes (D)
  3 war gargoyles (D)
  4 apis (D)
  2 ophanim (D)
  6 green draconians (D)
  3 black draconians (D)
  Nessos (D)
  5 yellow draconians (D)
  3 deep elf annihilators (D)
  3 purple draconians (D)
  4 red draconians (D)
  4 white draconians (D)
  An iron golem (D)
  A mummy priest (D)
  Josephine (D)
  A deep elf high priest (D)
  A great orb of eyes (D)
  A spriggan air mage (D)
  3 salamander tyrants (D)
  Harold (D)
  3 hydras (D)
  5 stokers (D)
  6 dancing weapons (D)
  A death yak (D)
  2 vampire magi (D)
  2 hell hogs (D)
  An orc high priest (D)
  A thrashing horror (D)
  3 deep elf knights (D)
  4 spriggan berserkers (D)
  A skeletal warrior (D)
  2 spriggan druids (D)
  A cherub (D)
  4 deep elf archers (D)
  A lindwurm (D)
  Pikel (D)
  6 deep elf zephyrmancers (D)
  2 deep elf pyromancers (D)
  2 necromancers (D)
  A cyclops (D)
  2 orc sorcerers (D)
  4 ugly things (D)
  A large abomination (D)
  2 elephants (D)
  2 black mambas (D)
  A naga mage (D)
  6 komodo dragons (D)
  8 cane toads (D)
  4 hellions (D)
  An efreet (D)
  3 tormentors (D)
  2 guardian mummies (D)
  A troll (D)
  A hellwing (D)
  A polar bear (D)
  A meliai (shapeshifter) (D)
  A blink frog (D)
  2 raiju (D)
  2 flying skulls (D)
  2 air elementals (D)
  2 shadows (D)
  A ynoxinul (D)
  2 wyverns (D)
  6 yaks (D)
  A fire elemental (D)
  A hog (shapeshifter) (D)
  3 basilisks (D)
  A water elemental (D)
  2 neqoxecs (D)
  2 nagas (D)
  Duvessa (D)
  5 water moccasins (D)
  A hell hound (D)
  2 orc warriors (D)
  A black bear (D)
  Pargi (D)
  2 wolves (D)
  3 ogres (D)
  An earth elemental (D)
  A necrophage (D)
  2 crimson imps (D)
  2 jellies (D)
  An orc priest (D)
  A hell rat (D)
  Terence (D)
  4 mummies (D)
  2 adders (D)
  2 shadow imps (D)
  3 endoplasms (D)
  A jackal (D)
  5 ball pythons (D)
  2 ball python zombies (D)
  2 giant cockroach zombies (D)
  3 fire vortices (D)
334 creatures vanquished.

Notes
Turn   | Place    | Note
-------+----------+-------------------------------------------
     0 | D        | wilfster70 the Gargoyle Fighter began the quest for the
                  | Orb.
     0 | D        | Reached XP level 1. HP: 14/14 MP: 1/1
    16 | D        | Found a shimmering blue altar of Sif Muna.
    16 | D        | Found a bloodstained altar of Trog.
    16 | D        | Found a sacrificial altar of Ru.
    16 | D        | Found a stormy altar of Qazlal.
    16 | D        | Found an iron altar of Okawaru.
    19 | D        | Found a sparkling altar of Nemelex Xobeh.
    19 | D        | Found the +6 Majin-Bo {vamp, MP+6 Int+6}
    19 | D        | Found the +9 heavy crossbow "Sniper" {vorpal, Acc+∞ SInv}
    19 | D        | Found the +10 dark maul {vorpal}
    19 | D        | Found the +15 Maxwell's patent armour {-Cast -Tele rElec
                  | Will+ rCorr}
    19 | D        | Found the +18 shield of the Gong {rElec rN+ Will+ EV-5}
    19 | D        | Found the +14 obsidian axe {vorpal, Mesm Drain Fly SInv}
    19 | D        | Found the +7 great mace "Firestarter" {inner flame, rF++}
    19 | D        | Found the +6 shillelagh "Devastator" {shatter}
    19 | D        | Found the +11 plutonium sword {Contam Stlth-}
    19 | D        | Found the +8 lance "Wyrmbane" {slay drac, rPois rF+ rC+
                  | AC+3}
    19 | D        | Found the +9 sword of Zonguldrok {reap}
    19 | D        | Found the +13 scythe of Curses {drain, Drain}
    19 | D        | Found the +5 sword of Power {vorpal}
    19 | D        | Found the +7 mace of Variability {chain chaos}
    19 | D        | Found the +7 Singing Sword {vorpal, sonic wave}
    19 | D        | Found the +8 storm bow {elec, penet}
    20 | D        | Found an ancient bone altar of Kikubaaqudgha.
    20 | D        | Found a corrupted altar of Lugonu.
    20 | D        | Found a transporter.
    20 | D        | Found a burning altar of Makhleb.
    20 | D        | Found a viscous altar of Jiyva.
    20 | D        | Found a hazy altar of Hepliaklqana.
    51 | D        | Became a worshipper of Qazlal Stormbringer
    65 | D        | Found a blossoming altar of Fedhas.
    67 | D        | Found an opulent altar of Gozag.
    70 | D        | Reached XP level 2. HP: 20/20 MP: 1/4
   109 | D        | Entered arena 2.
   109 | D        | Noticed a wolf
   109 | D        | Noticed a black bear
   109 | D        | Found a transporter.
   116 | D        | Killed a wolf
   117 | D        | Reached skill level 5 in Fighting
   117 | D        | Reached skill level 5 in Polearms
   117 | D        | Reached skill level 5 in Armour
   117 | D        | Reached skill level 5 in Shields
   117 | D        | Reached XP level 3. HP: 14/26 MP: 4/6
   117 | D        | Reached XP level 4. HP: 16/31 MP: 4/7
   119 | D        | Killed a black bear
   120 | D        | Reached skill level 5 in Invocations
   120 | D        | Reached XP level 5. HP: 20/36 MP: 4/8
   256 | D        | Entered arena 3.
   256 | D        | Found a transporter.
   262 | D        | Reached * piety under Qazlal
   265 | D        | Reached ** piety under Qazlal
   266 | D        | Reached XP level 6. HP: 42/42 MP: 8/10
   282 | D        | Entered arena 4.
   282 | D        | Noticed a water elemental
   282 | D        | Noticed a deep elf knight
   282 | D        | Noticed a deep elf pyromancer
   282 | D        | Noticed a +2 scimitar of holy wrath
   282 | D        | Found a transporter.
   289 | D        | HP: 2/42 [deep elf knight/+0 scimitar (21)]
   289 | D        | Killed a deep elf pyromancer
   290 | D        | Reached XP level 7. HP: 3/49 MP: 7/12
   290 | D        | Killed a water elemental
   297 | D        | Killed a +2 scimitar of holy wrath
   298 | D        | Reached skill level 10 in Polearms
   298 | D        | Reached XP level 8. HP: 28/56 MP: 8/14
   322 | D        | Killed a deep elf knight
   322 | D        | Reached *** piety under Qazlal
   323 | D        | Reached XP level 9. HP: 56/62 MP: 10/15
   445 | D        | Entered arena 5.
   445 | D        | Found a transporter.
   464 | D        | Entered arena 6.
   464 | D        | Found a transporter.
   468 | D        | Reached **** piety under Qazlal
   473 | D        | Reached skill level 10 in Shields
   473 | D        | Reached ***** piety under Qazlal
   486 | D        | Entered arena 7.
   486 | D        | Found the +7 lajatang of Order {silver, rMut}
   486 | D        | Noticed a cane toad
   487 | D        | Found a transporter.
   488 | D        | Killed a cane toad
   489 | D        | Reached skill level 10 in Fighting
   489 | D        | Reached skill level 10 in Armour
   495 | D        | Reached skill level 10 in Invocations
   562 | D        | Entered arena 8.
   562 | D        | Noticed a hell hog
   562 | D        | Noticed an efreet
   563 | D        | Found a transporter.
   565 | D        | Killed a hell hog
   566 | D        | Reached XP level 10. HP: 64/69 MP: 8/17
   634 | D        | Entered arena 9.
   634 | D        | Noticed a great orb of eyes
   634 | D        | Noticed a large abomination
   634 | D        | Noticed a thrashing horror
   635 | D        | Found a transporter.
   636 | D        | Killed a great orb of eyes
   639 | D        | Killed a thrashing horror
   648 | D        | Killed a large abomination
   761 | D        | Entered arena 10.
   761 | D        | Noticed a green ugly thing
   761 | D        | Noticed a purple ugly thing
   761 | D        | Noticed a purple ugly thing
   761 | D        | Noticed a red ugly thing
   762 | D        | Found a transporter.
   764 | D        | Killed a purple ugly thing
   765 | D        | Reached XP level 11. HP: 78/78 MP: 3/20
   772 | D        | Killed a purple ugly thing
   778 | D        | Killed a green ugly thing
   784 | D        | Killed a green ugly thing
   793 | D        | Got the amulet of the Death Scarab {Reflect rElec rPois
                  | Regen+ Str-5 Slay+5 SH+5}
   983 | D        | Entered arena 11.
   984 | D        | Found a transporter.
   985 | D        | Reached ****** piety under Qazlal
   998 | D        | Got the Reference Book on Creative Black Secrets
  1001 | D        | Got the Compendium of the Frostbite and Poisoning
  1042 | D        | Entered arena 12.
  1042 | D        | Noticed an apis
  1044 | D        | Found a transporter.
  1054 | D        | Killed an apis
  1090 | D        | Entered arena 13.
  1090 | D        | Noticed an ancient lich
  1090 | D        | Noticed a vampire mage
  1090 | D        | Noticed a vampire mage
  1090 | D        | Noticed a necromancer
  1091 | D        | Noticed a necromancer
  1091 | D        | Noticed a ghoul
  1091 | D        | Noticed a skeletal warrior
  1091 | D        | Noticed a flayed ghost
  1092 | D        | Killed a necromancer
  1092 | D        | Killed a necromancer
  1093 | D        | Reached skill level 15 in Shields
  1093 | D        | Killed a vampire mage
  1093 | D        | Killed a vampire mage
  1094 | D        | Reached skill level 15 in Fighting
  1108 | D        | Killed an ancient lich
  1109 | D        | Reached skill level 15 in Invocations
  1109 | D        | Reached XP level 12. HP: 88/88 MP: 6/23
  1119 | D        | Killed a ghoul
  1123 | D        | Found a transporter.
  1210 | D        | Entered arena 14.
  1211 | D        | Noticed a stone giant
  1212 | D        | Noticed a sun demon
  1212 | D        | Noticed an orc high priest
  1213 | D        | Killed an orc high priest
  1213 | D        | Killed a stone giant
  1215 | D        | Found a transporter.
  1223 | D        | Got Hosen's Collected Works on Bewitching Confrontation
  1305 | D        | Entered arena 15.
  1306 | D        | Noticed a royal mummy
  1306 | D        | Identified the +1 robe of Slovenliness {Slay+2}
  1306 | D        | Noticed a mummy priest
  1307 | D        | Found the ring of the Tortoise {AC+8}
  1309 | D        | Killed a mummy priest
  1310 | D        | Found a transporter.
  1315 | D        | Killed a royal mummy
  1316 | D        | Reached XP level 13. HP: 57/96 MP: 9/25
  1332 | D        | Got the Reference Book on the Frigorific Escort
  1340 | D        | Got the ring "Nuicwavemi" {*Slow rElec MP+9 Int+3 Dex+6}
  1398 | D        | Entered arena 16.
  1398 | D        | Noticed an ophan
  1399 | D        | Noticed an ophan
  1399 | D        | Noticed an apis
  1399 | D        | Noticed an apis
  1399 | D        | Noticed an apis
  1399 | D        | Noticed a daeva
  1401 | D        | Killed an ophan
  1402 | D        | Killed an apis
  1402 | D        | Killed an ophan
  1402 | D        | Killed an apis
  1402 | D        | Killed an apis
  1403 | D        | Reached skill level 10 in Evocations
  1404 | D        | Found a transporter.
  1412 | D        | Killed a daeva
  1495 | D        | Got the ring "Jyte" {rF+ Str+5 Stlth+}
  1515 | D        | Entered arena 17.
  1517 | D        | Noticed a deep elf blademaster
  1517 | D        | Identified the ring of Kerchima {rElec MP+9}
  1517 | D        | Noticed a deep elf sorcerer
  1519 | D        | Identified the +9 lajatang "Munutis" {flame, Drain Int+3}
  1520 | D        | Identified the ring "Acoyst" {Wiz rF- rN+++ Dex-2 Slay+4}
  1521 | D        | Killed a deep elf sorcerer
  1521 | D        | Killed a deep elf blademaster
  1522 | D        | Noticed a deep elf sorcerer
  1529 | D        | Killed a deep elf sorcerer
  1536 | D        | Found a transporter.
  1620 | D        | Entered arena 18.
  1621 | D        | Noticed a war gargoyle
  1622 | D        | Noticed a war gargoyle
  1622 | D        | Noticed an iron dragon
  1622 | D        | Noticed an ancient champion
  1622 | D        | Noticed an ancient champion
  1622 | D        | Noticed an iron dragon
  1622 | D        | Noticed a dread lich
  1622 | D        | Noticed a war gargoyle
  1622 | D        | Noticed a quicksilver elemental
  1622 | D        | Noticed an iron dragon
  1623 | D        | Killed an ancient champion
  1624 | D        | Killed an iron dragon
  1624 | D        | Killed a war gargoyle
  1624 | D        | Killed a dread lich
  1624 | D        | Killed a quicksilver elemental
  1624 | D        | Killed a war gargoyle
  1624 | D        | Killed an ancient champion
  1624 | D        | Killed an iron dragon
  1624 | D        | Noticed an ancient champion
  1624 | D        | Noticed a quicksilver elemental
  1625 | D        | Gained mutation: Your large and strong wings let you fly.
                  | [Gargoyle growth]
  1625 | D        | Reached XP level 14. HP: 108/108 MP: 10/28
  1625 | D        | Killed an iron dragon
  1625 | D        | Killed a war gargoyle
  1626 | D        | Noticed an ancient champion
  1626 | D        | Identified the amulet "Qowitugh" {RegenMP Will+ Dex+4}
  1626 | D        | Noticed an ancient champion
  1627 | D        | Noticed a quicksilver elemental
  1635 | D        | Killed an ancient champion
  1638 | D        | Killed an ancient champion
  1641 | D        | Killed an ancient champion
  1648 | D        | Killed a quicksilver elemental
  1660 | D        | Killed a quicksilver elemental
  1660 | D        | Noticed a quicksilver elemental
  1709 | D        | Killed a quicksilver elemental
  1719 | D        | Found a transporter.
  1806 | D        | Entered arena 19.
  1813 | D        | Reached skill level 15 in Evocations
  1834 | D        | Identified the +1 robe of Trial and Error {Str+4}
  1846 | D        | Reached XP level 15. HP: 116/116 MP: 27/29
  1951 | D        | Found the +6 arbalest "Damnation" {damnation}
  1952 | D        | Found a transporter.
  1979 | D        | Entered arena 20.
  1990 | D        | Found a transporter.
  2022 | D        | Got the ring of Sin {rPois rN++ Int-3}
  2080 | D        | Entered arena 21.
  2083 | D        | Noticed a deep elf sorcerer
  2083 | D        | Noticed a deep elf blademaster
  2084 | D        | Noticed a deep elf sorcerer
  2084 | D        | Noticed a deep elf master archer
  2084 | D        | Noticed a deep elf sorcerer
  2084 | D        | Noticed a deep elf sorcerer
  2084 | D        | Noticed a deep elf master archer
  2084 | D        | Noticed a deep elf sorcerer
  2084 | D        | Noticed a deep elf sorcerer
  2085 | D        | Noticed a deep elf blademaster
  2085 | D        | Identified the +9 falchion of Zuruig {vorpal, rCorr}
  2085 | D        | Noticed a deep elf blademaster
  2086 | D        | Killed a deep elf sorcerer
  2086 | D        | Killed a deep elf master archer
  2086 | D        | Killed a deep elf sorcerer
  2086 | D        | Killed a deep elf sorcerer
  2086 | D        | Killed a deep elf sorcerer
  2086 | D        | Killed a deep elf sorcerer
  2086 | D        | Killed a deep elf blademaster
  2086 | D        | Killed a deep elf blademaster
  2086 | D        | Killed a deep elf sorcerer
  2087 | D        | Killed a deep elf blademaster
  2087 | D        | Killed a deep elf master archer
  2166 | D        | Found a transporter.
  2195 | D        | Entered arena 22.
  2198 | D        | Noticed a searing wretch
  2198 | D        | Noticed a hellephant
  2198 | D        | Noticed a hellephant
  2198 | D        | Noticed a searing wretch
  2198 | D        | Noticed a searing wretch
  2199 | D        | Noticed a searing wretch
  2199 | D        | Noticed a searing wretch
  2199 | D        | Noticed a searing wretch
  2199 | D        | Noticed a searing wretch
  2199 | D        | Noticed a searing wretch
  2199 | D        | Noticed a searing wretch
  2199 | D        | Noticed a balrug
  2199 | D        | Noticed a hellephant
  2199 | D        | Noticed a hellephant
  2199 | D        | Noticed a searing wretch
  2199 | D        | Identified the ring "Wuczios" {rN+ Str+3 Int+4}
  2199 | D        | Noticed a balrug
  2200 | D        | Killed a balrug
  2200 | D        | Killed a balrug
  2200 | D        | Killed a searing wretch
  2200 | D        | Killed a balrug
  2201 | D        | Reached XP level 16. HP: 128/128 MP: 23/32
  2201 | D        | Killed a hellephant
  2201 | D        | Killed a searing wretch
  2201 | D        | Killed a hellephant
  2201 | D        | Killed a searing wretch
  2201 | D        | Killed a searing wretch
  2201 | D        | Killed a searing wretch
  2201 | D        | Killed a searing wretch
  2201 | D        | Killed a searing wretch
  2201 | D        | Killed a searing wretch
  2204 | D        | Noticed a searing wretch
  2204 | D        | Noticed a Brimstone Fiend
  2208 | D        | Noticed a searing wretch
  2208 | D        | Noticed a searing wretch
  2209 | D        | Killed a searing wretch
  2209 | D        | Noticed a searing wretch
  2210 | D        | Killed a hellephant
  2210 | D        | Killed a Brimstone Fiend
  2210 | D        | Killed a searing wretch
  2210 | D        | Killed a hellephant
  2210 | D        | Killed a searing wretch
  2210 | D        | Killed a searing wretch
  2216 | D        | Killed a searing wretch
  2216 | D        | Killed a searing wretch
  2217 | D        | Found a transporter.
  2259 | D        | Got the ring of Xaych {Int+7 SInv}
  2272 | D        | Got the Grimoire of Syndicalism
  2281 | D        | Got the ring "Cihiutwia" {rF+ rCorr Str+5}
  2293 | D        | Entered arena 23.
  2305 | D        | Identified the ring "Zolew" {rC+ EV+4 Str+3}
  2305 | D        | Noticed a green draconian monk
  2306 | D        | Identified the ring "Cuogharu" {rPois Str+4}
  2307 | D        | Killed a green draconian monk
  2308 | D        | Reached skill level 27 in Fighting
  2308 | D        | Reached skill level 15 in Dodging
  2308 | D        | Reached skill level 27 in Invocations
  2308 | D        | Reached XP level 17. HP: 132/139 MP: 25/34
  2308 | D        | Identified the +4 halberd "Elif" {venom, rF++ Int+9 Dex-5}
  2316 | D        | Identified the +7 rapier "Ydeokl Wenu" {vorpal, rC+ rN+}
  2324 | D        | Found a transporter.
  2413 | D        | Entered arena 24.
  2418 | D        | Noticed a Brimstone Fiend
  2418 | D        | Noticed a searing wretch
  2418 | D        | Noticed a hellephant
  2418 | D        | Noticed a searing wretch
  2418 | D        | Noticed a Brimstone Fiend
  2418 | D        | Noticed a dread lich
  2418 | D        | Noticed a Brimstone Fiend
  2418 | D        | Noticed a searing wretch
  2419 | D        | Noticed a searing wretch
  2419 | D        | Noticed a searing wretch
  2419 | D        | Noticed a Brimstone Fiend
  2419 | D        | Noticed a searing wretch
  2419 | D        | Noticed a searing wretch
  2419 | D        | Noticed a searing wretch
  2419 | D        | Noticed a hellephant
  2419 | D        | Noticed a searing wretch
  2420 | D        | Killed a searing wretch
  2420 | D        | Killed a Brimstone Fiend
  2420 | D        | Noticed a Brimstone Fiend
  2420 | D        | Noticed a hellephant
  2420 | D        | Noticed a Brimstone Fiend
  2421 | D        | Noticed a hellephant
  2422 | D        | Killed a searing wretch
  2422 | D        | Killed a Brimstone Fiend
  2422 | D        | Killed a Brimstone Fiend
  2422 | D        | Killed a searing wretch
  2422 | D        | Killed a searing wretch
  2422 | D        | Killed a Brimstone Fiend
  2422 | D        | Killed a searing wretch
  2422 | D        | Killed a Brimstone Fiend
  2422 | D        | Killed a dread lich
  2422 | D        | Killed a hellephant
  2422 | D        | Killed a searing wretch
  2422 | D        | Killed a hellephant
  2422 | D        | Killed a searing wretch
  2422 | D        | Killed a searing wretch
  2422 | D        | Killed a Brimstone Fiend
  2423 | D        | Reached XP level 18. HP: 35/145 MP: 18/35
  2423 | D        | Killed a hellephant
  2423 | D        | Killed a hellephant
  2423 | D        | Killed a searing wretch
  2424 | D        | Reached skill level 27 in Evocations
  2431 | D        | Noticed a hellephant
  2436 | D        | Noticed a searing wretch
  2439 | D        | Killed a hellephant
  2445 | D        | Killed a searing wretch
  2541 | D        | Found a transporter.
  2561 | D        | Got the ring "Mebeag" {rN++ Will+ Dex-4}
  2595 | D        | Entered arena 25.
  2600 | D        | Noticed the Royal Jelly
  2601 | D        | Noticed Duvessa
  2601 | D        | Noticed Jory
  2601 | D        | Found the +4 dragonskin cloak
  2601 | D        | Noticed Tiamat
  2601 | D        | Noticed Nessos
  2601 | D        | Noticed Gloorx Vloq
  2601 | D        | Found the +6 sword of Cerebov {flame}
  2601 | D        | Noticed Cerebov
  2601 | D        | Noticed Josephine
  2602 | D        | Noticed Ereshkigal
  2602 | D        | Noticed Mennas
  2602 | D        | Noticed Xtahua
  2602 | D        | Noticed Nellie
  2604 | D        | Noticed a Tzitzimitl
  2604 | D        | Killed Josephine
  2604 | D        | Killed Nessos
  2604 | D        | Killed Duvessa
  2604 | D        | Noticed Margery
  2605 | D        | Noticed Ignacio
  2607 | D        | Killed the Royal Jelly
  2607 | D        | Identified the ring of the Good {Will+ MP+9 Int+6}
  2607 | D        | Noticed Harold
  2610 | D        | Noticed Dissolution
  2612 | D        | Killed Harold
  2613 | D        | Noticed Gastronok
  2614 | D        | Noticed Pikel
  2615 | D        | Noticed a Tzitzimitl
  2616 | D        | Killed Mennas
  2616 | D        | Killed Gastronok
  2616 | D        | Killed Pargi
  2616 | D        | Killed Pikel
  2616 | D        | Killed Xtahua
  2616 | D        | Killed Dissolution
  2616 | D        | Killed Tiamat
  2616 | D        | Killed Terence
  2616 | D        | Killed Margery
  2616 | D        | Killed Gloorx Vloq
  2616 | D        | HP: 6/145 [Ignacio/+3 executioner's axe of pain (7)]
  2616 | D        | Slain by Ereshkigal

Illustrated notes

Levels and vault maps discovered:
D:        sprint_v [room_start, room_1, room_2, room_3, room_4, room_5, room_6,
          room_7, room_8, room_9, room_10, room_11, room_12, room_13, room_14,
          room_15, room_16, room_17, room_18, room_19, room_20, room_21,
          room_22, room_23, room_24, room_25, room_26, room_27]

Skill      XL: |  1  2  3  4  5  6  7  8  9 10 11 12 13 14 15 16 17 18 |
---------------+-------------------------------------------------------+-----
Fighting       | 4 5 6 8 9 11 13 15 17 20 22 24 27 | 27.0
Polearms       | 4 5 6 7 8 10 11 12 | 12.0
Armour         | 4 5 6 7 9 11 13 14 | 14.1
Shields        | 4 5 6 8 9 11 13 17 19 22 23 | 23.6
Invocations    | 3 4 5 7 8 9 10 12 15 17 20 21 24 27 | 27.0
Evocations     | 6 9 13 15 18 21 26 27 | 27.0
Dodging        | 9 15 21 24 | 24.9

Action                   |  1- 3 |  4- 6 |  7- 9 | 10-12 | 13-15 | 16-18 || total
-------------------------+-------+-------+-------+-------+-------+-------++-------
Melee: Lance             |     7 |    16 |    50 |    93 |    82 |    28 ||   276
Invok: Upheaval          |       |     1 |       |       |       |       ||     1
       Disaster Area     |       |       |     2 |    11 |    15 |    11 ||    39
Evoke: Condenser vane    |       |       |       |       |     5 |     2 ||     7
       Tin of tremorston |       |       |       |       |     1 |     4 ||     5
  Use: Potion            |     1 |       |     5 |       |     5 |     3 ||    14
       Scroll            |       |       |       |     7 |     1 |       ||     8
Armor: Gold dragon scale |     8 |     4 |    14 |    39 |    28 |    30 ||   123
Dodge: Dodged            |       |     1 |       |       |       |     9 ||    10
       Repelled          |       |       |       |       |       |     1 ||     1
Block: Kite shield       |    17 |    22 |    37 |    84 |   107 |    61 ||   328
       Reflection        |       |       |       |     3 |    10 |     7 ||    20

Table legend: (Time is in decaauts)
 A = Elapsed time spent in this place.
 B = Non-inter-level travel time spent in this place.
 C = Inter-level travel time spent in this place.
 D = Time resting spent in this place.
 E = Time spent auto-exploring this place.
 F = Levels seen in this place.
 G = Mean time per level.
                   A        B        C        D        E       F      G
               +--------+--------+--------+--------+--------+-----+--------+
         Total |   2524 |   2521 |      3 |   1400 |      0 |   1 | 2524.0 |
       Dungeon |   2524 |   2521 |      3 |   1400 |      0 |   1 | 2524.0 |
               +--------+--------+--------+--------+--------+-----+--------+

Top non-repeatable levels by time:
       D: 2524 daAuts
